 Dungeon Crawl Stone Soup version 0.25.0-9-g26727b657a (webtiles) character file.

Game seed: 10669889574748524795

527 HungrySpirit the Stinger (level 7, 0/41 HPs)
             Began as an Octopode Venom Mage on June 16, 2020.
             Was an Initiate of Vehumet.
             Slain by an ice beast (12 damage)
             ... on level 5 of the Dungeon.
             The game lasted 00:09:32 (4975 turns).

HungrySpirit the Stinger (Octopode Venom Mage)      Turns: 4975, Time: 00:09:33

Health: 0/41       AC:  1    Str:  8    XL:     7   Next: 23%
Magic:  10/12      EV: 13    Int: 19    God:    Vehumet [......]
Gold:   209        SH:  0    Dex: 12    Spells: 5/13 levels left

rFire    . . .     SeeInvis .   i - +1 short sword (venom)
rCold    . . .     Gourm    .   (no shield)
rNeg     . . .     Faith    .   (helmet restricted)
rPois    .         Spirit   .   (no amulet)
rElec    .         Reflect  .   l - ring of resist corrosion
rCorr    +         Harm     .   r - ring of protection from magic
MR       +....                  (no ring)
Stlth    +++.......             (no ring)
HPRegen  0.13/turn              (no ring)
MPRegen  0.13/turn              (no ring)
                                (no ring)
                                (no ring)

@: no status effects
A: almost no armour, stealthy swim, amphibious, 8 rings, constrict 8, camouflage
1, gelatinous body 1
a: Renounce Religion


You were on level 5 of the Dungeon.
You worshipped Vehumet.
Vehumet was noncommittal.
You were not hungry.

You visited 1 branch of the dungeon, and saw 5 of its levels.

You collected 273 gold pieces.
You spent 64 gold pieces at shops.

Inventory:

Hand Weapons
 c - a +2 dagger of holy wrath
 i - a +1 short sword of venom (weapon)
Missiles
 s - a throwing net (quivered)
Jewellery
 l - a ring of resist corrosion (left tentacle)
 r - a ring of protection from magic (right tentacle)
Wands
 o - a wand of polymorph (20)
Scrolls
 d - a scroll of amnesia
 e - a scroll of fog
 h - a scroll of teleportation
 k - 5 scrolls of identify
 p - a scroll of random uselessness
 t - a scroll of remove curse
Potions
 a - a potion of stabbing {unknown}
 f - 2 potions of invisibility {unknown}
 g - 4 potions of curing
 j - a potion of degeneration {unknown}
 m - 2 potions of mutation {unknown}
 n - 2 potions of lignification {unknown}
 q - a potion of flight {unknown}
 u - a potion of heal wounds {unknown}
Comestibles
 b - 5 rations


   Skills:
 + Level 1.9 Short Blades
 - Level 2.0 Dodging
 - Level 2.6 Stealth
 + Level 3.9 Spellcasting
 - Level 2.0 Transmutations
 + Level 1.5 Fire Magic
 * Level 7.4 Poison Magic


You had 5 spell levels left.
You knew the following spells:

 Your Spells              Type           Power        Failure   Level  Hunger
a - Sting                 Tmut/Pois      ###.         1%          1    None
b - Olgreb's Toxic Radia  Pois           ####....     7%          4    ####...
c - Ignite Poison         Fire/Tmut/Pois ###.....     10%         3    ###....

Your spell library contained the following spells:

 Spells                   Type           Power        Failure   Level  Hunger
 Poisonous Vapours        Pois/Air       ###...       4%          2    ##.....
 Mephitic Cloud           Conj/Pois/Air  ##......     16%         3    ###....


Dungeon Overview and Level Annotations

Branches:
Dungeon (5/15)             Temple (0/1) D:5

Altars:
Gozag
Hepliaklqana
Vehumet
Yredelemnul
Zin

Shops:
D:4 ??

Annotations:
D:3 1 runed translucent door, MisterFreud's ghost, amateur GnWn


Innate Abilities, Weirdness & Mutations

You cannot wear most types of armour.
You are very stealthy in the water. (Stealth+)
You are amphibious.
You can wear up to eight rings at the same time.
You can use your tentacles to constrict eight enemies at once.
Your skin changes colour to match your surroundings (Stealth+).
Your rubbery body absorbs attacks. (AC +1, EV +1)


Message History

You barely miss the ice beast.
The ice beast is lightly wounded.
The ice beast hits you. The ice beast freezes you!
You hit the ice beast.
The ice beast is moderately wounded.
The ice beast hits you. The ice beast freezes you!
There is a stone staircase leading down here.
Casting: Sting (safe; 1% risk of failure)
Confirm with . or Enter, or press ? or * to list all spells.
Okay, then.
Casting: Sting (safe; 1% risk of failure)
Confirm with . or Enter, or press ? or * to list all spells.
You ignite the poison in your surroundings!
The ice beast seems to burn from within!
The ice beast is almost dead.
The ice beast closely misses you. The ice beast hits you.
* * * LOW HITPOINT WARNING * * *
The ice beast freezes you!
You die...

.####.........#.........#..####.P
.####................ #....###..#
.##.............#...###.....##...
.#.............##..##......###...
.##............##..##.....####...
Y##................##..##........
...#..................###.......#
...#............Y###.## #..###..#
#.....##........@#.### ##.####..
......##........<...### #..# ##.
#....###..............####..###..
#....###...............#.#.......
###..#.......................##..
###................##.....###..
#...............####....##..
#...#....>......# #.....##.
###.....##....# ###....##.


You could see an ice beast.

Vanquished Creatures
  A sky beast (D:5)
  An ogre (D:2)
  A scorpion (D:4)
  2 hounds (D:4)
  An orc wizard (D:3)
  A bullfrog skeleton (D:2)
  A centaur skeleton (D:4)
  Terence (D:3)
  5 adders
  2 worms
  A dart slug (D:4)
  3 leopard geckos
  8 orcs
  4 bats
  4 giant cockroaches
  8 goblins
  12 hobgoblins
  7 jackals
  2 quokkas
  7 frilled lizards
  A jackal skeleton (D:4)
  2 kobolds (D:2)
  5 rats
80 creatures vanquished.

Notes
Turn   | Place    | Note
-------+----------+-------------------------------------------
     0 | D:1      | HungrySpirit the Octopode Venom Mage began the quest for
                  | the Orb.
     0 | D:1      | Reached XP level 1. HP: 11/11 MP: 3/3
   103 | D:1      | Reached skill level 4 in Poison Magic
   103 | D:1      | Reached XP level 2. HP: 4/17 MP: 0/5
   769 | D:2      | Noticed an ogre
   789 | D:2      | Killed an ogre
   789 | D:2      | Reached skill level 5 in Poison Magic
   789 | D:2      | Reached XP level 3. HP: 21/21 MP: 2/7
   789 | D:2      | Reached XP level 4. HP: 27/27 MP: 2/8
  1092 | D:2      | Reached XP level 5. HP: 31/31 MP: 7/9
  1681 | D:2      | Reached skill level 6 in Poison Magic
  2194 | D:3      | Learned a level 4 spell: Olgreb's Toxic Radiance
  2198 | D:3      | Learned a level 3 spell: Ignite Poison
  2548 | D:3      | Reached XP level 6. HP: 25/36 MP: 9/11
  2649 | D:3      | Found a basalt altar of Yredelemnul.
  2750 | D:3      | Noticed Terence
  2772 | D:3      | Killed Terence
  2888 | D:3      | Found a hazy altar of Hepliaklqana.
  3100 | D:3      | Found a runed translucent door.
  3102 | D:3      | Noticed MisterFreud's ghost (amateur GnWn)
  3343 | D:4      | Reached skill level 1 in Short Blades
  3591 | D:4      | Found Oxtiduonu's Magic Scroll Shoppe.
  3774 | D:4      | Bought a scroll of fog for 20 gold pieces
  3774 | D:4      | Bought a scroll of teleportation for 30 gold pieces
  3774 | D:4      | Found Ubrulaott's Magic Scroll Emporium.
  3795 | D:4      | Bought a scroll of random uselessness for 14 gold pieces
  3993 | D:4      | Reached skill level 7 in Poison Magic
  3997 | D:4      | Noticed a phantom
  4083 | D:4      | Reached skill level 1 in Fire Magic
  4123 | D:4      | Found a radiant altar of Vehumet.
  4153 | D:4      | Found an opulent altar of Gozag.
  4154 | D:4      | Found a glowing silver altar of Zin.
  4315 | D:4      | Became a worshipper of Vehumet
  4336 | D:5      | Entered Level 5 of the Dungeon
  4336 | D:5      | Noticed an ice beast
  4490 | D:5      | Found a staircase to the Ecumenical Temple.
  4616 | D:5      | Noticed a sky beast
  4643 | D:5      | Killed a sky beast
  4643 | D:5      | Reached XP level 7. HP: 20/41 MP: 5/12
  4975 | D:5      | Slain by an ice beast

Illustrated notes

Levels and vault maps discovered:
D:1:      moated_graveyard_arrival, layout_rooms, st_stairs_8, nrook_uturn
D:2:      layout_loops_ring
D:3:      layout_loops_ring, nicolae_overflow_crystal_walls,
          lemuel_coloured_pillars_altar, first_ration, ebering_ghost_sewer_d,
          uniq_terence
D:4:      layout_cave_pools, grunt_temple_overflow_gold_and_silver,
          kennysheep_mini, serial_shops, shop_statue, shop_fountains,
          minmay_misc_feat_plants
D:5:      layout_cave_pools, grunt_temple_overflow_bloody_war,
          eat_drink_and_be_merry_uskayaw, minmay_temple_entry_overgrown

Skill      XL: |  1  2  3  4  5  6 |
---------------+-------------------+-----
Poison Magic   | 4 5 6 7 |  7.4
Transmutations | 2 |  2.0
Spellcasting   | 3 |  3.9
Short Blades   | 1 |  1.9
Fire Magic     | 1 |  1.5
Dodging        | |  2.0
Stealth        | |  2.6

Action                   |  1- 3 |  4- 6 |  7- 9 || total
-------------------------+-------+-------+-------++-------
Melee: Unarmed           |    16 |       |       ||    16
       Constrict         |     9 |    25 |       ||    34
       Dagger            |    14 |    59 |       ||    73
       Tentacles         |     3 |    10 |       ||    13
       Short sword       |       |    31 |     7 ||    38
 Cast: Sting             |    10 |    76 |     3 ||    89
       Ignite Poison     |       |       |     2 ||     2
  Use: Scroll            |       |     2 |       ||     2
 Stab: Sleeping          |     7 |     3 |       ||    10
  Eat: Chunk             |       |    10 |       ||    10
       Ration            |       |       |     1 ||     1
Armor: Skin              |     2 |     4 |     1 ||     7
Dodge: Dodged            |    17 |    50 |     4 ||    71
